 Dungeon Crawl Stone Soup version 0.17-a0-1181-gabc46e6 (webtiles) character file.

6 Chiseanne the Magician (level 1, -1/15 HPs)
             Began as a Draconian Wanderer on May 31, 2015.
             Slain by a jackal (3 damage)
             ... on level 1 of the Dungeon.
             The game lasted 00:01:25 (408 turns).

Chiseanne the Magician (Draconian Wanderer)          Turns: 408, Time: 00:01:25

Health: -1/15      AC:  4    Str: 16    XL:     1   Next: 75%
Magic:  0/5        EV: 11    Int: 10    God:
Gold:   24         SH:  0    Dex: 10    Spells: 2 memorised, 6 levels left

rFire  . . .     SeeInvis .     d - +0 club
rCold  . . .     Clarity  .     (armour unavailable)
rNeg   . . .     SustAt   .     (no shield)
rPois  .         Gourm    .     (helmet restricted)
rElec  .         Spirit   .     (no cloak)
rCorr  .         Warding  .     (no gloves)
rMut   .         Stasis   .     (no boots)
MR     .....                    (no amulet)
Stlth  +.........               (no ring)
                                (no ring)

@: very slightly contaminated, not resistant to hostile enchantments, very
unstealthy
A: unfitting armour, cold-blooded, AC +4
a: no special abilities


You were on level 1 of the Dungeon.
You were not hungry.

You visited 1 branch of the dungeon, and saw 1 of its levels.

You collected 24 gold pieces.

Inventory:

Hand weapons
 d - a +0 club (weapon)
Missiles
 f - 7 sling bullets of frost
Scrolls
 b - a scroll of teleportation
Books
 a - a book of Minor Magic

   Spells                             Type                      Level
   a - Magic Dart                     Conjuration                  1
   b - Blink                          Translocation                2
   c - Call Imp                       Summoning                    2
   d - Repel Missiles                 Charms/Air                   2
   e - Slow                           Hexes                        2
   f - Conjure Flame                  Conjuration/Fire             3
   g - Mephitic Cloud                 Conjuration/Poison/Air       3
 c - Sif Muna's Guide on the Escort

   Spells                             Type                      Level
   a - Summon Butterflies             Summoning                    1
   b - Summon Small Mammal            Summoning                    1
Comestibles
 e - a bread ration


   Skills:
 * Level 0.4 Fighting
 * Level 0.3 Dodging
 * Level 4.0 Spellcasting
   Level 1.0 Conjurations
 * Level 3.1 Summonings
   Level 2.0 Evocations


You had 6 spell levels left.
You knew the following spells:

 Your Spells              Type           Power        Failure   Level  Hunger
a - Summon Butterflies    Summ           #.......     10%         1    #......
b - Summon Small Mammal   Summ           #...         10%         1    #......


Dungeon Overview and Level Annotations

Branches:
Dungeon (1/15)

Altars:


Innate Abilities, Weirdness & Mutations

Your plain brown scales are hard (AC +4).
Your body does not fit into most forms of armour.
You are cold-blooded and may be slowed by cold attacks.


Message History

Nothing appears to happen.
The jackal closely misses you. The jackal bites you.
* * * LOW HITPOINT WARNING * * *
Casting: Summon Small Mammal
Confirm with . or Enter, or press ? or * to list all spells.
The jackal bites you but does no damage.
The jackal misses you.
You swap places.
The jackal barely misses your rat.
The jackal bites your rat but does no damage.
Your rat bites the jackal.
The jackal barely misses your rat. The jackal bites your rat.
Your rat dies!
Your rat's corpse disappears in a puff of smoke!
Casting: Summon Small Mammal
Confirm with . or Enter, or press ? or * to list all spells.
Your bat hits the jackal.
Casting: Summon Small Mammal
Confirm with . or Enter, or press ? or * to list all spells.
Your bat closely misses the jackal.
The jackal bites you.
You die...

####...######.#####...
........###...######.#
###.............###.#
....#.#.###.####.....#
# #.# #†# #.# #######
#.###.# #.# #..##.#
#.# # #..##.###.#
#.#####bh@......#
#.......###b#####
####.######.#
#...†....# ##########


You could see a jackal and 2 friendly bats.

Vanquished Creatures
  2 jackals (D:1)
  A giant newt (D:1)
  2 goblins (D:1)
  A rat (D:1)
6 creatures vanquished.

Vanquished Creatures (collateral kills)
  A giant cockroach (D:1)
1 creature vanquished.

Vanquished Creatures (others)
  3 bats (D:1)
  7 rats (D:1)
10 creatures vanquished.

Grand Total: 17 creatures vanquished

Notes
Turn   | Place    | Note
--------------------------------------------------------------
     0 | D:1      | Chiseanne the Draconian Wanderer began the quest for the Orb.
     0 | D:1      | Chiseanne set off with: a book of Minor Magic, a scroll of teleportation, Sif Muna's Guide on the Escort, a +0 club, a bread ration
     0 | D:1      | Reached XP level 1. HP: 14/14 MP: 5/5
     0 | D:1      | Identified Sif Muna's Guide on the Escort
     2 | D:1      | Learned a level 1 spell: Summon Butterflies
     4 | D:1      | Learned a level 1 spell: Summon Small Mammal
   408 | D:1      | Slain by a jackal

Vault maps used:
D:1:      scummos_arrival_simple_crosswalls

Action                   || total
-------------------------++-------
Melee: Club              ||    29
 Cast: Summon Small Mamm ||    12
